 Seeded DCSS version 0.29.1-15-g9cfb28693d (webtiles) character file.

Game seed: 1 (custom seed)

1617 Kazon the Slasher (level 8, -3/67 HPs)
             Began as a Barachi Fighter on Apr 14, 2023.
             Killed by divine providence
             ... invoked by an orc priest
              (14 damage)
             ... on level 6 of the Dungeon.
             The game lasted 00:17:41 (4122 turns).

Kazon the Slasher (Barachi Fighter)                 Turns: 4122, Time: 00:17:43

Health: -3/67      AC: 20    Str: 17    XL:     8   Next: 96%
Magic:  8/8        EV: 13    Int: 10    God:
Gold:   380        SH:  5    Dex: 13    Spells: 7/7 levels left

rFire   . . .      SeeInvis +   y - +1 long sword (protect)
rCold   + + .      Faith    .   c - +0 buckler
rNeg    + . .      Spirit   .   F - +3 leather armour {rC+}
rPois   .          Reflect  .   f - +2 helmet {SInv}
rElec   .          Harm     .   (no cloak)
rCorr   .          Rampage  .   (no gloves)
Will    .....                   l - +2 pair of boots
Stlth   +++.......              g - amulet of the acrobat
HPRegen 0.21/turn               s - ring of positive energy
MPRegen 0.11/turn               D - ring of protection from cold

@: under a protective aura, slow
A: amphibious, slowness 1, strong legs 1, +LOS
a: Hop


You were on level 6 of the Dungeon.
You visited 1 branch of the dungeon, and saw 6 of its levels.

You collected 380 gold pieces.

Inventory:

Hand Weapons
 e - a +2 dagger of venom
 y - a +1 long sword of protection (weapon)
Missiles
 j - 2 stones (quivered)
 n - 5 boomerangs
 q - a throwing net
 C - 2 curare-tipped darts
Armour
 c - a +0 buckler (worn)
 f - a +2 helmet of see invisible (worn)
 l - a +2 pair of boots (worn)
 F - a +3 leather armour of cold resistance (worn)
Jewellery
 g - an amulet of the acrobat (around neck)
 s - a ring of positive energy (left hand)
 D - a ring of protection from cold (right hand)
Wands
 A - a wand of mindburst (16)
 E - a wand of flame (13)
Scrolls
 i - 8 scrolls of identify
 m - 2 scrolls of immolation {unknown}
 p - a scroll of poison {unknown}
 u - a scroll of magic mapping {unknown}
 v - 2 scrolls of noise {unknown}
 w - a scroll of teleportation {unknown}
 x - a scroll of fog {unknown}
 z - a scroll of enchant weapon {unknown}
Potions
 a - 2 potions of ambrosia {unknown}
 b - 2 potions of berserk rage {unknown}
 d - a potion of might
 h - a potion of flight
 o - 2 potions of haste {unknown}
 r - a potion of attraction {unknown}
 t - 3 potions of lignification {unknown}
 B - a potion of cancellation {unknown}


   Skills:
 + Level 7.0 Fighting
 + Level 4.6(6.2) Short Blades
 + Level 7.0(7.8) Long Blades
 + Level 5.5 Throwing
 + Level 6.8 Armour
 + Level 5.6 Dodging
 + Level 5.1 Stealth
 + Level 6.0 Shields
 * Level 1.2 Evocations


You had 7 spell levels left.
You didn't know any spells.
Your spell library contained the following spells:

 Spells                   Type           Power      Damage    Failure   Level
 Apportation              Tloc           0%         N/A       50%         1
 Necrotise                Necr           0%         1d4       50%         1
 Sting                    Tmut/Pois      0%         1d3       50%         1
 Summon Small Mammal      Summ           0%         N/A       50%         1
 Poisonous Vapours        Pois/Air       0%         N/A       65%         2
 Olgreb's Toxic Radiance  Pois           0%         N/A       99%         4
 Fireball                 Conj/Fire      0%         3d3       100%        5
 Iskenderun's Battlesphe  Conj           0%         2d6       100%        5
 Conjure Ball Lightning   Conj/Air       0%         3x3d6     100%        6
 Orb of Destruction       Conj           0%         9d5       100%        7


Dungeon Overview and Level Annotations

Branches:
Dungeon (6/15)
 Temple: D:4-7

Altars:
Hepliaklqana

Shops:
D:3 (


Innate Abilities, Weirdness & Mutations

You are amphibious.
You cover ground slowly.
You can hop short distances.
You have an extended range of vision and can be seen from far away.


Message History

* * * LOW HITPOINT WARNING * * *
Items here: )) ††.
You slash the orc priest!
The orc priest is almost dead.
The centaur hits you but does no damage.
The centaur kicks you but does no damage.
The orc priest invokes the aid of Beogh against you.
You struggle to resist.
You slash the orc priest!
You kill the orc priest!
The centaur hits you but does no damage.
The centaur closely misses you. The centaur misses you.
You block the centaur's attack.
Your Fighting skill increases to level 7!
You hit the centaur but do no damage.
The centaur is moderately wounded.
The centaur barely misses you. The centaur misses you.
The orc priest hits you but does no damage.
You slash the orc priest!
The orc priest is heavily wounded.
The centaur hits you.
* * * LOW HITPOINT WARNING * * *
The centaur barely misses you. You block the centaur's attack. x2
The orc priest barely misses you.
You barely miss the orc priest.
The orc priest is heavily wounded.
You block the centaur's attack. The centaur closely misses you.
The orc priest closely misses you. You block the centaur's attack.
The centaur kicks you but does no damage.
You slash the centaur!
The centaur is severely wounded.
The centaur barely misses you. x2; The orc priest closely misses you.
You hit the centaur.
The centaur is almost dead.
The centaur hits you.
* * * LOW HITPOINT WARNING * * *
You block the centaur's attack.
The orc priest invokes the aid of Beogh against you.
Beogh smites you!
You die...

#...## #.###
####'#### #.......#
##.......#
#........#
###.#####.#
######.........#
#@...#.......#.#
#..oc##.........#.#
#....####.......#.#
#.....# #.........#
#......#
###########
...#....#
#.###....# . ######


You could see a centaur and an orc priest.

Vanquished Creatures
  Eustachio (D:5)
  Menkaure (D:5)
  A water moccasin (D:5)
  An orc warrior (D:6)
  A sky beast (D:5)
  A centaur (D:5)
  A necrophage (D:5)
  5 scorpions
  A howler monkey (D:5)
  A hound (D:4)
  3 orc priests
  3 iguanas
  Robin (D:3)
  6 gnolls
  9 adders
  An ufetubus (D:5)
  3 worms
  12 orcs
  11 endoplasms
  A giant cockroach (D:1)
  16 goblins
  9 hobgoblins
  A jackal (D:4)
  4 kobolds
  A quokka (D:1)
  5 ball pythons
  4 bats
  3 frilled lizards
  6 rats
113 creatures vanquished.

Notes
Turn   | Place    | Note
-------+----------+-------------------------------------------
     0 | D:1      | Kazon the Barachi Fighter began the quest for the Orb.
     0 | D:1      | Reached XP level 1. HP: 18/18 MP: 1/1
    99 | D:1      | Identified a scroll of acquirement
    99 | D:1      | Acquired a +2 helmet of see invisible
   248 | D:1      | Reached XP level 2. HP: 25/25 MP: 2/2
   727 | D:2      | Reached XP level 3. HP: 30/30 MP: 3/3
  1357 | D:2      | Reached XP level 4. HP: 26/37 MP: 4/4
  1671 | D:3      | Found Umat's Antique Weapon Boutique.
  1874 | D:3      | Reached XP level 5. HP: 25/43 MP: 5/5
  2010 | D:3      | Noticed Robin
  2025 | D:3      | Killed Robin
  2026 | D:3      | Reached skill level 1 in Short Blades
  2143 | D:3      | Reached skill level 5 in Long Blades
  2143 | D:3      | Reached skill level 5 in Throwing
  2143 | D:3      | Reached skill level 5 in Dodging
  2143 | D:3      | Reached skill level 5 in Shields
  2143 | D:3      | Reached XP level 6. HP: 53/53 MP: 6/6
  2594 | D:4      | Reached XP level 7. HP: 56/59 MP: 7/7
  2659 | D:4      | Reached skill level 5 in Stealth
  3098 | D:4      | Found a hazy altar of Hepliaklqana.
  3164 | D:5      | Entered Level 5 of the Dungeon
  3611 | D:5      | Reached XP level 8. HP: 51/64 MP: 8/8
  3690 | D:5      | Noticed Eustachio
  3720 | D:5      | Killed Eustachio
  3721 | D:5      | Reached skill level 1 in Evocations
  3924 | D:5      | Noticed Menkaure
  3928 | D:5      | Killed Menkaure
  4122 | D:6      | Killed from afar by an orc priest

Illustrated notes

Levels and vault maps discovered:
D:1:      dpeg_arrival_three_smaller_balls, layout_basic
D:2:      layout_loops_ring
D:3:      layout_basic, serial_shops, nicolae_shop_stone, st_stairs_9,
          minmay_misc_feat_doors, eino_curves_03, uniq_robin
D:4:      minmay_wonky_spiral, layout_basic,
          mainiacjoe_overflow_surrounded_room, minivault_5
D:5:      layout_cave_pods, uniq_menkaure, uniq_eustachio
D:6:      cheibrodos_barr_body, layout_basic, minmay_crystal_room,
          minmay_pentangle, uniq_maggie, uniq_edmund

Skill      XL: |  1  2  3  4  5  6  7  8 |
---------------+-------------------------+-----
Armour         | 4 6 |  6.8
Fighting       | 4 6 7 |  7.0
Long Blades    | 3 5 6 7 |  7.0
Short Blades   | 3 4 |  4.6
Shields        | 5 6 |  6.0
Throwing       | 5 |  5.5
Dodging        | 5 |  5.6
Stealth        | 4 5 |  5.1
Evocations     | 1 |  1.2

Action                   |  1- 3 |  4- 6 |  7- 9 || total
-------------------------+-------+-------+-------++-------
Melee: Long sword        |    81 |     7 |    60 ||   148
       Dagger            |    21 |   139 |   106 ||   266
Throw: Stone             |     5 |    20 |    31 ||    56
       Boomerang         |       |     7 |     8 ||    15
Evoke: Wand              |       |       |     4 ||     4
  Use: Scroll            |     1 |       |     1 ||     2
       Potion            |       |     1 |     1 ||     2
 Stab: Sleeping          |       |     1 |     1 ||     2
       Distracted        |       |       |     1 ||     1
Armor: Scale mail        |    34 |    47 |    54 ||   135
       Leather armour    |       |       |    12 ||    12
Dodge: Dodged            |    48 |    44 |   100 ||   192
Block: Buckler           |    25 |    28 |    57 ||   110
